 Dungeon Crawl Stone Soup version 0.29.1-15-g9cfb28693d (webtiles) character file.

Game seed: 10475089966813170748

154 Edyrem the Shield-Bearer (level 5, -2/43 HPs)
             Began as a Formicid Fighter on Apr 11, 2023.
             Slain by an orc
             ... wielding a +0 whip
              (5 damage)
             ... on level 3 of the Dungeon.
             The game lasted 00:07:21 (3050 turns).

Edyrem the Shield-Bearer (Formicid Fighter)         Turns: 3050, Time: 00:07:22

Health: -2/43      AC: 10    Str: 23    XL:     5   Next: 63%
Magic:  5/5        EV:  7    Int:  7    God:
Gold:   122        SH:  5    Dex: 13    Spells: 4/4 levels left

rFire   . . .      SeeInvis +   b - +0 hand axe
rCold   . . .      Faith    .   c - +0 buckler
rNeg    . . .      Spirit   .   s - +0 chain mail
rPois   .          Reflect  .   (helmet unavailable)
rElec   .          Harm     .   (no cloak)
rCorr   .          Rampage  .   (no gloves)
Will    .....                   f - +0 pair of boots
Stlth   ..........              (no amulet)
HPRegen 0.14/turn               (no ring)
MPRegen 0.09/turn               (no ring)

@: no status effects
A: permanent stasis, dig shafts and tunnels, antennae 3, four strong arms
a: Dig, Shaft Self


You were on level 3 of the Dungeon.
You visited 1 branch of the dungeon, and saw 4 of its levels.

You collected 122 gold pieces.

Inventory:

Hand Weapons
 a - a +0 whip
 b - a +0 hand axe (weapon)
 u - a +0 sling
 x - a +0 flail
Missiles
 g - 46 stones
 y - 5 boomerangs
Armour
 c - a +0 buckler (worn)
 f - a +0 pair of boots (worn)
 s - a +0 chain mail (worn)
 v - a +0 scale mail
Jewellery
 e - an amulet of faith
 m - a ring of fire
 w - a ring of flight
Wands
 t - a wand of charming (10)
Scrolls
 d - a scroll of poison {unknown}
 h - 2 scrolls of teleportation {unknown}
 i - a scroll of noise {unknown}
 l - a scroll of amnesia {unknown}
 n - a scroll of magic mapping {unknown}
 o - 4 scrolls of identify {@r1}
 p - a scroll of enchant weapon {unknown}
 A - a scroll of vulnerability {unknown}
Potions
 j - 2 potions of curing {@q2}
 k - 2 potions of cancellation
 q - 2 potions of haste {unknown}
 r - a potion of lignification {unknown}
 z - a potion of degeneration {unknown}


   Skills:
 + Level 4.7 Fighting
 + Level 3.6 Maces & Flails
 - Level 3.2 Armour
 + Level 5.1 Shields


You had 4 spell levels left.
You didn't know any spells.
Your spell library contained the following spells:

 Spells                   Type           Power      Damage    Failure   Level
 Ensorcelled Hibernation  Hex/Ice        0%         N/A       100%        2
 Passwall                 Tmut/Erth      0%         N/A       100%        2
 Ignite Poison            Fire/Tmut/Pois 0%         N/A       100%        3
 Mephitic Cloud           Conj/Pois/Air  0%         N/A       100%        3
 Fireball                 Conj/Fire      0%         3d3       100%        5
 Freezing Cloud           Conj/Ice/Air   0%         6-21      100%        5
 Iskenderun's Battlesphe  Conj           0%         2d6       100%        5
 Conjure Ball Lightning   Conj/Air       0%         3x3d6     100%        6
 Orb of Destruction       Conj           0%         9d5       100%        7
 Swiftness                Air            Unusable   N/A       N/A         3

Dungeon Overview and Level Annotations

Branches:
Dungeon (4/15)
 Temple: D:4-7

Altars:


Innate Abilities, Weirdness & Mutations

You cannot be hasted, slowed, berserked, paralysed or teleported.
You can dig through walls and to a lower floor.
You have a pair of large antennae on your head. (SInv)
Your four strong arms can wield two-handed weapons with a shield.


Message History

You see here a +0 flail.
The orc attacks as you move away! The orc hits you but does no damage.
You see here a jackal skeleton.
The gnoll bouda gazes fiercely through you!
You feel your attacks grow feeble.
As you read the scroll labelled NIUZXO GETOMO, it crumbles to dust.
It is a scroll of identify.
k - 2 potions of cancellation The orc hits you but does no damage.
The gnoll bouda barks out a call to the hunt!
The gnolls pick up the pace!
The gnoll bouda attacks as you move away!
The gnoll bouda hits you with a +0 club.
* * * LOW HITPOINT WARNING * * *
The orc complains loudly.
Your attacks no longer feel as feeble.
The orc attacks as you move away! The orc hits you but does no damage.
The orc attacks as you move away! The orc barely misses you.
The gnoll bouda gazes fiercely through you!
You feel your attacks grow feeble.
There is a stone staircase leading down here.
You block the orc's attack.
You climb downwards.
The orc shouts!
The orc priest shouts!
The orc shouts!
You hear an angry hiss.
Found 3 scrolls labelled OCIJAMNETY.
There is a stone staircase leading up here.
The orc closely misses you.
You climb upwards.
The orc hits you with a +0 whip.
* * * LOW HITPOINT WARNING * * *
The gnoll bouda barks out a call to the hunt!
There is a stone staircase leading down here.
The orc hits you but does no damage. You block the orc's attack.
Your attacks no longer feel as feeble.
The orc attacks as you move away! The orc hits you but does no damage.
You block the orc's attack. The orc attacks as you move away!
You block the orc's attack.
You slash the orc!
You kill the orc!
You barely miss the orc. The orc hits you with a +0 whip.
You die...

................)........##..
#...............[####+#######
###..............# #.#
#..............####.########
###..............#............
#............)...#............
#................#............
#...###......#####............
#...# ######.##.@.###........#
#...#### #..#)#o##........#
.......# ##...#g...#......#
.......# ##...o####......#
.......# ##.{g####......#
.......# #>..o.o#......#
.......# ######{g{.....#
.......# #{{..##### ########
#{{..#


You could see a gnoll bouda, a gnoll (swift) and 3 orcs.

Vanquished Creatures
  Robin (D:3)
  4 adders
  3 gnolls (D:3)
  A worm (D:3)
  4 orcs (D:3)
  8 ball pythons
  5 endoplasms
  3 giant cockroaches
  12 goblins
  2 hobgoblins (D:3)
  6 jackals
  2 quokkas
  7 bats
  3 frilled lizards
  7 kobolds
  4 rats
72 creatures vanquished.

Notes
Turn   | Place    | Note
-------+----------+-------------------------------------------
     0 | D:1      | Edyrem the Formicid Fighter began the quest for the Orb.
     0 | D:1      | Reached XP level 1. HP: 18/18 MP: 1/1
    97 | D:1      | Reached XP level 2. HP: 15/24 MP: 2/2
   227 | D:1      | Found a faded altar of an unknown god.
   471 | D:1      | Reached XP level 3. HP: 24/30 MP: 3/3
  1124 | D:2      | Reached XP level 4. HP: 35/37 MP: 4/4
  1758 | D:3      | Noticed Robin
  1778 | D:3      | Killed Robin
  2103 | D:3      | Reached XP level 5. HP: 40/43 MP: 5/5
  2636 | D:3      | Reached skill level 5 in Shields
  3016 | D:3      | Noticed an ogre
  3033 | D:3      | HP: 1/43 [gnoll bouda/+0 club (4)]
  3044 | D:3      | HP: 2/43 [orc/+0 whip (1)]
  3050 | D:3      | Slain by an orc

Illustrated notes

Levels and vault maps discovered:
D:1:      amcnicky_arrival_blooded_trapdoor, layout_basic, serial_curves,
          eino_curves_02, eino_curves_01, eino_curves_03, eino_curves_04,
          dreamdust_ecumenical_altar_angels_and_demons
D:2:      layout_loops_cross, supply_closet_lemuel
D:3:      lemuel_castle_with_subvaults [lemuel_castle_interior_original],
          layout_basic, fountainhead, uniq_robin
D:4:      layout_rooms, nicolae_overflow_hidden_temple, uniq_blork_the_orc,
          uniq_menkaure

Skill      XL: |  1  2  3  4  5 |
---------------+----------------+-----
Fighting       | 4 |  4.7
Maces & Flails | 3 |  3.6
Shields        | 5 |  5.1
Armour         | |  3.2

Action                   |  1- 3 |  4- 6 || total
-------------------------+-------+-------++-------
Melee: Flail             |   103 |    94 ||   197
       Whip              |       |    58 ||    58
       Hand axe          |       |     4 ||     4
  Use: Potion            |       |     2 ||     2
       Scroll            |       |     1 ||     1
Armor: Scale mail        |    68 |    13 ||    81
       Chain mail        |       |   162 ||   162
Dodge: Dodged            |    62 |    84 ||   146
Block: Buckler           |    47 |    68 ||   115
